 Dungeon Crawl Stone Soup version 0.23-a0-261-g133332c (console) character file.

35 bli the Insei (level 3, -8/24 HPs)
             Began as an Octopode Transmuter on Sept 29, 2018.
             Mangled by a centaur (9 damage)
             ... on level 2 of the Dungeon.
             The game lasted 00:02:44 (1089 turns).

bli the Insei (Octopode Transmuter)                 Turns: 1089, Time: 00:02:45

Health: -8/24      AC:  1    Str:  9    XL:     3   Next: 33%
Magic:  6/6        EV: 14    Int: 15    God:
Gold:   77         SH:  0    Dex: 13    Spells: 5/6 levels left

rFire    . . .     SeeInvis .     - Unarmed
rCold    . . .     Gourm    .   (no shield)
rNeg     . . .     Faith    .   (helmet restricted)
rPois    .         Spirit   .   (no amulet)
rElec    .         Reflect  .   (no ring)
rCorr    .         Harm     .   (no ring)
MR       .....                  (no ring)
Stlth    +++.......             (no ring)
HPRegen  0.08/turn              (no ring)
MPRegen  0.10/turn              (no ring)
                                (no ring)
                                (no ring)

@: lethally poisoned (-8 -> -13)
A: almost no armour, stealthy swim, amphibious, 8 rings, constrict 8, camouflage
1, gelatinous body 1
a: no special abilities


You were on level 2 of the Dungeon.
You were not hungry.

You visited 1 branch of the dungeon, and saw 2 of its levels.

You collected 77 gold pieces.

Inventory:

Missiles
 a - 39 arrows
 e - 15 poisoned needles
Scrolls
 d - 2 scrolls of remove curse {unknown}
 f - a scroll of fear {unknown}
Comestibles
 b - 2 chunks of flesh
 c - 3 rations


   Skills:
 * Level 1.9 Fighting
 * Level 3.0 Dodging
 + Level 1.1 Stealth
 - Level 3.0 Unarmed Combat
 - Level 2.0 Spellcasting
 - Level 2.0 Transmutations


You had 5 spell levels left.
You knew the following spells:

 Your Spells              Type           Power        Failure   Level  Hunger
a - Beastly Appendage     Tmut           #.....       10%         1    #......

Your spell library contained the following spells:

 Spells                   Type           Power        Failure   Level  Hunger
 Sticks to Snakes         Tmut           #.......     14%         2    ###....
 Spider Form              Tmut/Pois      #.........   41%         3    ###....
 Ice Form                 Ice/Tmut       #.......     82%         4    #####..
 Blade Hands              Tmut           #.........   95%         5    ######.


Dungeon Overview and Level Annotations

Branches:
Dungeon (2/15)

Altars:


Innate Abilities, Weirdness & Mutations

You cannot wear most types of armour.
You are very stealthy in the water. (Stealth+)
You are amphibious.
You can wear up to eight rings at the same time.
You can use your tentacles to constrict eight enemies at once.
Your skin changes colour to match your surroundings (Stealth+).
Your rubbery body absorbs attacks. (AC +1, EV +1)


Message History

The centaur hits you. The adder closely misses you. The centaur hits you!
You tentacle-slap the centaur.
The centaur is severely wounded.
The adder misses you. The centaur hits you.
* * * LOW HITPOINT WARNING * * *
The adder misses you.
You tentacle-slap the centaur.
The centaur is almost dead.
The centaur misses you. The adder barely misses you. The centaur misses you.
You barely miss the centaur. Your squeeze misses the centaur.
The centaur is almost dead.
The adder misses you. The centaur misses you.
You tentacle-slap the adder. You grab the adder.
The adder is heavily wounded.
You constrict the adder, but do no damage.
The adder bites you.
* * * LOW HITPOINT WARNING * * *
You are lethally poisoned!
The adder poisons you! The centaur hits you!
You die...

#.....#.##.#
#....##.##.#
#.......##.###
#....###.......
###.## #.......
###.####.......
#.(..(...#.####
#........#.#
#....)%..#.#####
#...............
#......@S.......
#.......c.......
#...............
#...............
#...............
#.......?.......
#...............
#########......


You could see a centaur and an adder.

Vanquished Creatures
  2 dart slugs (D:1)
  A leopard gecko (D:1)
  3 bats
  2 giant cockroaches
  4 goblins
  4 hobgoblins (D:1)
  3 frilled lizards
  5 kobolds
  4 rats (D:1)
28 creatures vanquished.

Notes
Turn   | Place    | Note
-------+----------+-------------------------------------------
     0 | D:1      | bli the Octopode Transmuter began the quest for the Orb.
     0 | D:1      | Reached XP level 1. HP: 13/13 MP: 3/3
    74 | D:1      | Reached XP level 2. HP: 17/18 MP: 5/5
   589 | D:1      | Reached XP level 3. HP: 15/24 MP: 4/6
   895 | D:2      | Reached skill level 1 in Stealth
  1074 | D:2      | Noticed a centaur
  1089 | D:2      | HP: 1/24 [adder (2)]
  1089 | D:2      | Mangled by a centaur

Vault maps used:
D:1:      dpeg_arrival_long_road, minmay_misc_feat_enclosed

Skill      XL: |  1  2  3 |
---------------+----------+-----
Dodging        | 3 |  3.0
Stealth        | 1 |  1.1
Fighting       | |  1.9
Unarmed Combat | |  3.0
Spellcasting   | |  2.0
Transmutations | |  2.0

Action                   || total
-------------------------++-------
Melee: Unarmed           ||    71
       Constrict         ||    20
       Tentacles         ||    11
       Punch             ||     1
       Kick              ||     7
 Cast: Beastly Appendage ||     7
 Stab: Sleeping          ||     5
  Eat: Chunk             ||     1
Armor: Skin              ||     5
Dodge: Dodged            ||    59

Table legend:
 A = Non-vault XP
 B = Vault XP
 C = Vault XP percentage of total XP
 D = Non-vault monster count
 E = Vault monster count
 F = Vault count percentage of total count
                 A         B        C        D         E       F
            +---------+---------+-------+---------+---------+-------
      Total |      50 |       0 |   0.0 |      28 |       0 |   0.0
            +---------+---------+-------+---------+---------+-------
        D:1 |      40 |       0 |   0.0 |      22 |       0 |   0.0
        D:2 |      10 |       0 |   0.0 |       6 |       0 |   0.0
            +---------+---------+-------+---------+---------+-------
